 Dungeon Crawl Stone Soup version 0.29-a0-993-g4a18f31a58 (webtiles) character file.

Game seed: 14061130675279016481

1 vurker the Sneak (level 1, -2/9 HPs)
             Began as a Vine Stalker Enchanter on Aug 2, 2022.
             Slain by a kobold
             ... wielding a +0 dagger
              (3 damage)
             ... on level 1 of the Dungeon.
             The game lasted 00:00:12 (44 turns).

vurker the Sneak (Vine Stalker Enchanter)             Turns: 44, Time: 00:00:12

Health: -2/9       AC:  2    Str: 10    XL:     1   Next: 20%
Magic:  0/4        EV: 12    Int: 15    God:
Gold:   0          SH:  0    Dex: 14    Spells: 4/4 levels left

rFire   . . .      SeeInvis .   a - +1 dagger
rCold   . . .      Faith    .   (no shield)
rNeg    . . .      Spirit   +   b - +0 robe
rPois   .          Reflect  .   (no helmet)
rElec   .          Harm     .   (no cloak)
rCorr   .          Rampage  .   (no gloves)
Will    .....                   (no boots)
Stlth   ++........              (no amulet)
HPRegen 0.03/turn               (no ring)
MPRegen 0.09/turn               (no ring)

@: no status effects
A: fangs 2, magic shield, antimagic bite, no potion heal 2
a: no special abilities


You were on level 1 of the Dungeon.
You visited 1 branch of the dungeon, and saw 1 of its levels.

Inventory:

Hand Weapons
 a - a +1 dagger (weapon)
Armour
 b - a +0 robe (worn)
Potions
 c - 2 potions of invisibility


   Skills:
 + Level 0.0 Fighting
 - Level 0.8 Short Blades
 + Level 0.0 Armour
 + Level 1.5 Dodging
 - Level 3.6 Stealth
 * Level 0.1 Unarmed Combat
 - Level 2.1 Spellcasting
 - Level 3.0 Hexes


You had 4 spell levels left.
You didn't know any spells.
Your spell library contained the following spells:

 Spells                   Type           Power      Damage    Failure   Level
 Ensorcelled Hibernation  Hex/Ice        12%        N/A       19%         2
 Confusing Touch          Hex            10%        N/A       19%         3
 Tukima's Dance           Hex            10%        N/A       19%         3
 Dazzling Flash           Conj/Hex       12%        N/A       34%         3


Dungeon Overview and Level Annotations

Branches:
Dungeon (1/15)

Altars:


Innate Abilities, Weirdness & Mutations

You have extremely sharp teeth.
When hurt, damage is shared between your health and your magic reserves.
Your bite disrupts and absorbs the magic of your enemies.
Potions cannot restore your health.


Message History

Options error: Bad channel -- rotten_meat (~/.crawlrc:4122) Welcome, vurker the Vine Stalker Enchanter.
Are you destined to find the wondrous Orb of Zot, or to die trying?
Found a staircase leading out of the dungeon.
Found a hand axe.
A kobold comes into view. It is wielding a +0 dagger.
A kobold is nearby!
A kobold is nearby!
A kobold is nearby!
The kobold shouts!
A quokka comes into view.
You hit the kobold but do no damage. Your bite misses the kobold.
You hit the kobold. Your bite misses the kobold. The kobold closely misses you.
You closely miss the kobold. Your bite misses the kobold.
The kobold closely misses you.
You completely miss the kobold. Your bite misses the kobold.
The kobold closely misses you.
You hit the kobold but do no damage. You bite the kobold, but do no damage.
The kobold hits you with a +0 dagger. The quokka barely misses you.
You hit the kobold but do no damage. You bite the kobold, but do no damage.
The kobold hits you with a +0 dagger. The quokka bites you.
You miss the quokka. You bite the quokka, but do no damage.
The quokka bites you.
* * * LOW HITPOINT WARNING * * *
The kobold misses you.
You hit the quokka. You bite the quokka. You drain its power.
You feel invigorated.
The quokka twitches its whiskers.
The quokka bites you.
* * * LOW HITPOINT WARNING * * *
The quokka bites you but does no damage.
You hit the quokka.
You kill the quokka!
You hit the kobold but do no damage. Your bite misses the kobold.
The kobold hits you with a +0 dagger.
* * * LOW HITPOINT WARNING * * *
You completely miss the kobold. The kobold closely misses you.
You hit the kobold but do no damage. You bite the kobold, but do no damage.
The kobold misses you.
You hit the kobold but do no damage. Your bite misses the kobold.
The kobold hits you with a +0 dagger.
You die...

#...... #......
#...... #......
#...... #......
#......#####
#......K@..##
#......###..######
####.##..........#
# ##.#......##
#.##......#
..........#
...##......#
.....#..##..# ...
.....#...#


You could see a kobold.

Vanquished Creatures
  A quokka (D:1)
1 creature vanquished.

Notes
Turn   | Place    | Note
-------+----------+-------------------------------------------
     0 | D:1      | vurker the Vine Stalker Enchanter began the quest for the
                  | Orb.
     0 | D:1      | Reached XP level 1. HP: 9/9 MP: 4/4
    44 | D:1      | Slain by a kobold

Illustrated notes

Levels and vault maps discovered:
D:1:      dpeg_arrival_more_subterranean_lakeside_camping, layout_basic,
          serial_shops, nicolae_shop_overgrown_old_shop

Action                   || total
-------------------------++-------
Melee: Dagger            ||    13
       Bite              ||     5
Armor: Robe              ||     1
Dodge: Dodged            ||     7

Table legend: (Time is in decaauts)
 A = Elapsed time spent in this place.
 B = Non-inter-level travel time spent in this place.
 C = Inter-level travel time spent in this place.
 D = Time resting spent in this place.
 E = Time spent auto-exploring this place.
 F = Levels seen in this place.
 G = Mean time per level.
                   A        B        C        D        E       F      G
               +--------+--------+--------+--------+--------+-----+--------+
         Total |     43 |     43 |      0 |      0 |     26 |   1 |   43.0 |
       Dungeon |     43 |     43 |      0 |      0 |     26 |   1 |   43.0 |
               +--------+--------+--------+--------+--------+-----+--------+

Top non-repeatable levels by time:
     D:1: 43 daAuts
